 Dungeon Crawl Stone Soup version 0.29.1-1-gd02db6906a (webtiles) character file.

Game seed: 12335399646012528706

111 tardwrangler69 the Digger (level 4, -1/27 HPs)
             Began as an Octopode Earth Elementalist on Oct 5, 2022.
             Slain by a kobold
             ... wielding a +2 short sword of freezing
              (3 damage)
             ... on level 3 of the Dungeon.
             The game lasted 00:02:05 (3492 turns).

tardwrangler69 the Digger (OpEE)                    Turns: 3492, Time: 00:02:06

Health: -1/27      AC:  1    Str:  7    XL:     4   Next: 92%
Magic:  8/9        EV: 13    Int: 19    God:
Gold:   148        SH:  0    Dex: 12    Spells: 9/10 levels left

rFire   . . .      SeeInvis .   (no weapon)
rCold   . . .      Faith    .   (no shield)
rNeg    . . .      Spirit   .   (helmet restricted)
rPois   .          Reflect  .   (no amulet)
rElec   .          Harm     .   (no ring)
rCorr   .          Rampage  .   (no ring)
Will    .....                   (no ring)
Stlth   +++.......              (no ring)
HPRegen 0.09/turn               (no ring)
MPRegen 0.11/turn               (no ring)
                                (no ring)
                                (no ring)

@: no status effects
A: almost no armour, amphibious, 8 rings, camouflage 1, gelatinous body 1,
(nimble swimmer 1), tentacles
a: no special abilities


You were on level 3 of the Dungeon.
You visited 1 branch of the dungeon, and saw 3 of its levels.

You collected 148 gold pieces.

Inventory:

Jewellery
 o - a ring of fire
Scrolls
 b - 2 scrolls of amnesia {unknown}
 c - a scroll of magic mapping {unknown}
 d - a scroll of butterflies {unknown}
 f - 5 scrolls of identify {unknown}
 g - a scroll of enchant armour {unknown}
 h - a scroll of torment {unknown}
 m - a scroll of enchant weapon {unknown}
 p - a scroll of blinking {unknown}
Potions
 a - a potion of magic
 e - 2 potions of lignification {unknown}
 i - a potion of heal wounds {unknown}
 j - a potion of berserk rage {unknown}
 k - a potion of cancellation {unknown}
 l - a potion of resistance {unknown}
 n - a potion of degeneration {unknown}


   Skills:
 - Level 2.0 Dodging
 - Level 2.6 Stealth
 + Level 3.5 Spellcasting
 - Level 1.0 Transmutations
 + Level 4.3 Earth Magic


You had 9 spell levels left.
You knew the following spells:

 Your Spells              Type           Power      Damage    Failure   Level
a - Sandblast             Erth           38%        2d10      2%          1

Your spell library contained the following spells:

 Spells                   Type           Power      Damage    Failure   Level
 Passwall                 Tmut/Erth      10%        N/A       8%          2
 Beastly Appendage        Tmut           14%        N/A       10%         1
 Wereblood                Tmut           7%         N/A       14%         2
 Stone Arrow              Conj/Erth      22%        3d8       19%         3
 Spider Form              Tmut/Pois      5%         N/A       34%         3
 Petrify                  Tmut/Erth      13%        N/A       43%         4


Dungeon Overview and Level Annotations

Branches:
Dungeon (3/15)

Altars:


Innate Abilities, Weirdness & Mutations

You cannot wear most types of armour.
You are amphibious.
You can wear up to eight rings at the same time.
Your skin changes colour to match your surroundings (Stealth+).
Your rubbery body absorbs attacks. (AC +1, EV +1)
((You are camouflaged when in or above water. (Stealth+)))
You have tentacles for arms and can constrict up to eight enemies at once.


Message History

Casting: Sandblast (safe; 2% risk of failure)
Confirm with . or Enter, or press ? or * to list all spells.
Aiming: Sandblast (safe; 2% risk of failure)
Press: ? - help, Shift-Dir - straight line, f - you That would be overly suicidal.
Okay, then.
Found a stone staircase leading down.
A kobold and a giant cockroach come into view.
The kobold is wielding a +2 short sword of freezing.
The kobold shouts!
You hear a shout! x2
An orc comes into view. It is wielding a +0 dagger.
There are monsters nearby!
There are monsters nearby!
An orc comes into view. It is wielding a +0 falchion.
An orc comes into view. It is wielding a +0 short sword.
You tentacle-slap the kobold but do no damage.
Your grab misses the kobold.
The kobold hits you with a +2 short sword of freezing.
The kobold freezes you.
You miss the kobold. Your grab misses the kobold.
The kobold hits you with a +2 short sword of freezing.
The kobold freezes you.
Casting: Sandblast (safe; 2% risk of failure)
Confirm with . or Enter, or press ? or * to list all spells.
Aiming: Sandblast (safe; 2% risk of failure)
Press: ? - help, Shift-Dir - straight line, f - kobold
Aim: a kobold, wielding a +2 short sword of freezing (77% to hit)
The blast of sand hits the kobold but does no damage.
An orc wizard comes into view.
It is wielding a +1 dagger of protection.
The kobold hits you with a +2 short sword of freezing.
The kobold freezes you. The kobold attacks as you move away!
The kobold hits you with a +2 short sword of freezing.
The kobold freezes you.
* * * LOW HITPOINT WARNING * * *
The kobold attacks as you move away!
The kobold hits you with a +2 short sword of freezing!
* * * LOW HITPOINT WARNING * * *
The kobold freezes you.
You die...

........####...#####
#.......)###..##
.............## ##
.............### .#
....)..........# ..#
.†........####.# ..#
..........# #.# ...#
)........## #.######...#o.
.........# #..@Ko.o......
..........# #####..o.....#
.........[.. #..#.....#
...........................
..........#.###.####...####
..........#.#.. ..##
.........# ..B .>..
........# ## ....#
#†####### ....#


You could see 3 orcs and a kobold.

Vanquished Creatures
  3 adders
  A gnoll (D:1)
  A worm (D:3)
  An orc (D:3)
  3 ball pythons (D:1)
  2 bats (D:1)
  7 endoplasms
  8 giant cockroaches
  5 hobgoblins
  7 jackals (D:2)
  6 kobolds
  3 quokkas (D:1)
  2 frilled lizards
  4 goblins
  9 rats
62 creatures vanquished.

Notes
Turn   | Place    | Note
-------+----------+-------------------------------------------
     0 | D:1      | tardwrangler69 the Octopode Earth Elementalist began the
                  | quest for the Orb.
     0 | D:1      | Reached XP level 1. HP: 11/11 MP: 3/3
   120 | D:1      | Reached XP level 2. HP: 4/17 MP: 1/5
   586 | D:1      | Reached XP level 3. HP: 21/21 MP: 4/6
  1592 | D:2      | Reached XP level 4. HP: 20/27 MP: 4/8
  1717 | D:2      | Reached skill level 4 in Earth Magic
  3148 | D:3      | Found a faded altar of an unknown god.
  3492 | D:3      | Slain by a kobold

Illustrated notes

Levels and vault maps discovered:
D:1:      dpeg_arrival_orchard, layout_basic
D:2:      layout_basic
D:3:      layout_rooms, mainiacjoe_overflow_tiny_flanked, minitemple,
          hellmonk_ecumenical_altar_run_dry, minmay_close_crescents

Skill      XL: |  1  2  3  4 |
---------------+-------------+-----
Spellcasting   | 3 |  3.5
Earth Magic    | 4 |  4.3
Dodging        | |  2.0
Stealth        | |  2.6
Transmutations | |  1.0

Action                   |  1- 3 |  4- 6 || total
-------------------------+-------+-------++-------
Melee: Unarmed           |     3 |     5 ||     8
       Tentacles         |     2 |     1 ||     3
       Constrict         |     1 |       ||     1
 Cast: Sandblast         |    41 |    51 ||    92
Armor: Skin              |     3 |     4 ||     7
Dodge: Dodged            |    19 |    12 ||    31
